 Dungeon Crawl Stone Soup version 0.28.0-43-g3370ac3207 (webtiles) character file.

Game seed: 18024585147173996251

246 adizb the Grave Robber (level 5, -4/37 HPs)
             Began as a Mummy Necromancer on Mar 7, 2022.
             Slain by a gnoll
             ... wielding a +0 whip
              (7 damage)
             ... on level 5 of the Dungeon.
             The game lasted 00:28:08 (3409 turns).

adizb the Grave Robber (Mummy Necromancer)          Turns: 3409, Time: 00:28:08

Health: -4/37      AC:  2    Str: 11    XL:     5   Next: 84%
Magic:  1/10       EV: 12    Int: 16    God:
Gold:   107        SH:  5    Dex: 13    Spells: 2/11 levels left

rFire   x . .      SeeInvis .   j - staff of death
rCold   + . .      Faith    .   (no shield)
rNeg    + + +      Spirit   .   a - +0 robe
rPois   ∞          Reflect  +   (no helmet)
rElec   .          Harm     .   (no cloak)
rCorr   .          Rampage  .   (no gloves)
Will    .....                   (no boots)
Stlth   ++........              e - amulet of reflection
HPRegen 0.12/turn               (no ring)
MPRegen 0.12/turn               (no ring)

@: no status effects
A: cold resistance 1, negative energy resistance 3, torment resistance 2, heat
vulnerability 1, no potions
a: no special abilities


You were on level 5 of the Dungeon.
You visited 1 branch of the dungeon, and saw 6 of its levels.

You collected 107 gold pieces.

Inventory:

Missiles
 b - 4 poisoned darts
Armour
 a - a +0 robe (worn)
 c - a +0 leather armour
Magical Staves
 j - a staff of death (weapon)
Jewellery
 e - an amulet of reflection (around neck)
 g - an amulet of faith
Scrolls
 d - a scroll of identify
 f - a scroll of fog


   Skills:
 - Level 1.0 Fighting
 - Level 0.4 Armour
 + Level 2.4 Dodging
 + Level 1.8 Stealth
 + Level 1.6 Shields
 + Level 3.8 Spellcasting
 * Level 5.1 Necromancy
 + Level 1.0 Air Magic
 + Level 0.0 Evocations


You had 2 spell levels left.
You knew the following spells:

 Your Spells              Type           Power      Damage    Failure   Level
a - Pain                  Necr           100%       1d9       1%          1
b - Vampiric Draining     Necr           29%        2d8       6%          3
c - Passwall              Tmut/Erth      2%         N/A       26%         2
d - Swiftness             Air            6%         N/A       32%         3

Your spell library contained the following spells:

 Spells                   Type           Power      Damage    Failure   Level
 Animate Skeleton         Necr           58%        N/A       1%          1
 Shock                    Conj/Air       16%        1d4       14%         1
 Ensorcelled Hibernation  Hex/Ice        6%         N/A       26%         2
 Animate Dead             Necr           14%        N/A       21%         4
 Ozocubu's Armour         Ice            3%         N/A       45%         3
 Agony                    Necr           29%        N/A       50%         5
 Airstrike                Air            3%         N/A       73%         4
 Ozocubu's Refrigeration  Ice            1%         4d5       100%        7


Dungeon Overview and Level Annotations

Branches:
Dungeon (6/15)
 Temple: D:4-7

Altars:


Innate Abilities, Weirdness & Mutations

You are immune to poison.
Your flesh is cold resistant. (rC+)
You are immune to negative energy. (rN+++)
You are immune to unholy pain and torment.
You are vulnerable to heat. (rF-)
You do not drink.


Message History

Saving game... please wait.
Welcome back, adizb the Mummy Necromancer.
Press ? for a list of commands and other information.
Okay, then.
The kobold hits you with a +1 short sword of speed. x2
You see here a wand of mindburst (17).
The phantom barely misses you. The phantom hits you!
* * * LOW HITPOINT WARNING * * *
There is a stone staircase leading up here.
The gnoll hits you with a +0 whip.
* * * LOW HITPOINT WARNING * * *
The phantom misses you. The gnoll hits you with a +0 club.
* * * LOW HITPOINT WARNING * * *
You climb upwards.
Found a scroll of identify, 28 gold pieces and a smoky dark potion.
There is a stone staircase leading down here.
Aiming: Vampiric Draining (dangerous; 6% risk of failure)
Press: ? - help, Q - select action, (/) - cycle Shift-Dir - straight line, f - gnoll
Aim: a gnoll, wielding a +0 whip (fast)
You feel a surge of power!
You draw life force from the gnoll.
You feel life coursing into your body. The gnoll hits you with a +0 whip.
* * * LOW HITPOINT WARNING * * *
You block the phantom's attack. The gnoll barely misses you.
The gnoll closely misses you.
Okay, then.
Aiming: Vampiric Draining (dangerous; 6% risk of failure)
Press: ? - help, Q - select action, (/) - cycle Shift-Dir - straight line, f/p - gnoll
Aim: a gnoll, wielding a +0 whip (moderately wounded, fast)
You feel a surge of power!
You draw life force from the gnoll.
You feel life coursing into your body. The gnoll hits you with a +0 whip.
* * * LOW HITPOINT WARNING * * *
The phantom barely misses you. The gnoll barely misses you.
The hound barks!
You block the gnoll's attack. The hound zombie misses you.
You block the phantom's attack. The gnoll closely misses you.
Found a fizzy dark potion.
The gnoll hits you with a +0 whip!
You die...

..... ..!..
.....
#####++...
#.....h..
#......#
#?..Wg.####
#...gZ@...#
#......##.#
#......#
######$..
!...# ..#.#
..$..
#......


You could see a phantom, a hound, 2 gnolls and a hound zombie.

Vanquished Creatures
  A bullfrog (D:3)
  An orc priest (D:3)
  5 gnolls
  4 adders
  3 worms (D:2)
  3 orcs (D:3)
  3 ball pythons (D:2)
  6 endoplasms
  5 giant cockroaches
  4 goblins
  5 hobgoblins
  3 kobolds
  2 quokkas
  6 bats
  4 frilled lizards
  8 rats
63 creatures vanquished.

Notes
Turn   | Place    | Note
-------+----------+-------------------------------------------
     0 | D:1      | adizb the Mummy Necromancer began the quest for the Orb.
     0 | D:1      | Reached XP level 1. HP: 13/13 MP: 4/4
   168 | D:1      | Reached XP level 2. HP: 16/20 MP: 5/5
   906 | D:2      | Reached XP level 3. HP: 25/25 MP: 2/7
  1080 | D:2      | Learned a level 3 spell: Vampiric Draining
  1193 | D:2      | Reached skill level 1 in Fighting
  1354 | D:2      | Reached skill level 1 in Shields
  2130 | D:3      | Reached XP level 4. HP: 32/32 MP: 4/8
  2343 | D:3      | Noticed a bullfrog
  2351 | D:3      | Killed a bullfrog
  2444 | D:3      | Learned a level 2 spell: Passwall
  2469 | D:3      | Reached XP level 5. HP: 30/37 MP: 3/10
  2745 | D:3      | Found a faded altar of an unknown god.
  2809 | D:3      | Reached skill level 5 in Necromancy
  3022 | D:3      | Reached skill level 1 in Air Magic
  3027 | D:3      | Learned a level 3 spell: Swiftness
  3100 | D:4      | Noticed a black bear
  3319 | D:4      | Identified a scroll of acquirement
  3325 | D:4      | Acquired a staff of death
  3360 | D:4      | You fall into a shaft and drop 2 floors!
  3360 | D:6      | Noticed a phantom
  3372 | D:6      | Noticed an ogre
  3405 | D:5      | Entered Level 5 of the Dungeon
  3409 | D:5      | Slain by a gnoll

Illustrated notes

Levels and vault maps discovered:
D:1:      onia_arrival_handbag, layout_basic, serial_park_tiny_2
D:2:      layout_loops_ring
D:3:      layout_loops_corners, shapermc_ecumenical_altar_flowoftime
D:4:      layout_basic, hangedman_decor_slide_cut, uniq_edmund,
          uniq_crazy_yiuf_cottage
D:5:      layout_basic, led_sif_book
D:6:      layout_rooms

Skill      XL: |  1  2  3  4  5 |
---------------+----------------+-----
Spellcasting   | 3 |  3.8
Dodging        | 2 |  2.4
Fighting       | 1 |  1.0
Shields        | 1 |  1.6
Necromancy     | 5 |  5.1
Air Magic      | 1 |  1.0
Armour         | |  0.4
Stealth        | |  1.8

Action                   |  1- 3 |  4- 6 || total
-------------------------+-------+-------++-------
Melee: Unarmed           |    37 |       ||    37
       Dagger            |       |    24 ||    24
       Staff             |       |     1 ||     1
Throw: Dart              |    24 |       ||    24
 Cast: Pain              |    96 |    55 ||   151
       Vampiric Draining |       |     5 ||     5
  Use: Scroll            |     2 |     3 ||     5
 Stab: Sleeping          |     2 |       ||     2
Armor: Robe              |    16 |     5 ||    21
Dodge: Dodged            |    38 |    45 ||    83
Block: Other             |    10 |    19 ||    29
